 Dungeon Crawl Stone Soup version 0.19-a0-607-g42021f0 (webtiles) character file.

75 georgeearnest the Shield-Bearer (level 4, 0/40 HPs)
             Began as a Hill Orc Fighter on June 12, 2016.
             Slain by a gnoll
             ... wielding a +0 spear
              (5 damage)
             ... while paralysed by Grinder
             ... on level 3 of the Dungeon.
             The game lasted 00:02:13 (1559 turns).

georgeearnest the Shield-Bearer (Hill Orc Fighter)  Turns: 1559, Time: 00:02:13

Health: 0/40       AC:  7    Str: 25    XL:     4   Next: 31%
Magic:  0/4        EV: -3    Int:  8    God:
Gold:   142        SH:  0    Dex: 10    Spells: 0 memorised, 3 levels left

rFire  . . .     SeeInvis .     a - +0 war axe
rCold  . . .     Gourm    .     b - +0 scale mail
rNeg   . . .     Faith    .     c - +0 shield
rPois  .         Spirit   +     (no helmet)
rElec  .         Dismiss  .     (no cloak)
rCorr  .         Reflect  .     (no gloves)
SustAt .         Harm     .     (no boots)
MR     .....                    f - amulet of guardian spirit
Stlth  ..........               (no ring)
                                l - +6 ring of strength

@: paralysed, not resistant to hostile enchantments, extremely unstealthy
A: no striking features
a: no special abilities


You were on level 3 of the Dungeon.
You were not hungry.

You visited 1 branch of the dungeon, and saw 3 of its levels.

You collected 142 gold pieces.

Inventory:

Hand Weapons
 a - a +0 war axe (weapon)
Armour
 b - a +0 scale mail (worn)
 c - a +0 shield (worn)
Jewellery
 f - an amulet of guardian spirit (around neck)
 l - a +6 ring of strength (left hand)
Wands
 k - a wand of acid (8/15)
Scrolls
 e - a scroll of teleportation {unknown}
 h - a scroll of noise {unknown}
 i - 2 scrolls of fog {unknown}
Potions
 d - a potion of might
 j - a potion of lignification {unknown}
 n - a potion of curing {unknown}
Comestibles
 g - 4 meat rations
 m - a beef jerky


   Skills:
 + Level 3.9 Fighting
 + Level 3.2 Axes
 + Level 4.0 Armour
 + Level 1.0 Dodging
 + Level 4.1 Shields


You had 3 spell levels left.
You didn't know any spells.

Dungeon Overview and Level Annotations

Branches:
Dungeon (3/15)

Altars:
Pakellas

Annotations:
D:3 Grinder


Message History

You hit the gnoll.
You kill the gnoll!
Your Armour skill increases to level 4!
Your Dodging skill increases to level 1!
You slash Grinder!
Grinder is moderately wounded.
Grinder gestures at you. Pain shoots through your body!
You block the gnoll's attack. Grinder gestures at you.
You suddenly lose the ability to move!
The gnoll hits you from afar with a spear.
Grinder hits you.
* * * LOW HITPOINT WARNING * * *
You writhe in agony.
* * * LOW HITPOINT WARNING * * *
The gnoll hits you but does no damage. Grinder hits you.
* * * LOW HITPOINT WARNING * * *
The gnoll hits you from afar with a spear.
You die...

###
..###
#g#.#
#5).#
#@..#
#####


You could see Grinder and a gnoll.

Vanquished Creatures
  A gnoll (D:3)
  2 adders (D:2)
  An ooze (D:2)
  2 worms (D:2)
  A dart slug (D:2)
  4 bats (D:2)
  4 giant cockroaches
  2 hobgoblins
  4 jackals (D:1)
  5 giant newts
  5 kobolds
  7 rats
38 creatures vanquished.

Notes
Turn   | Place    | Note
--------------------------------------------------------------
     0 | D:1      | georgeearnest the Hill Orc Fighter began the quest for the Orb.
     0 | D:1      | Reached XP level 1. HP: 19/19 MP: 1/1
    32 | D:1      | Reached XP level 2. HP: 20/27 MP: 2/2
   746 | D:2      | Reached XP level 3. HP: 30/33 MP: 3/3
  1011 | D:2      | Found an oddly glowing altar of Pakellas.
  1235 | D:2      | Reached XP level 4. HP: 35/40 MP: 4/4
  1550 | D:3      | Noticed Grinder
  1556 | D:3      | Reached skill level 1 in Dodging
  1557 | D:3      | Paralysed by Grinder for 3 turns
  1559 | D:3      | Slain by a gnoll

Vault maps used:
D:1:      dpeg_arrival_round_a, minmay_close_crescents
D:2:      lemuel_crystal_altar, minmay_fountain_box
D:3:      lemuel_crystal_altar, minmay_misc_feat_rugged, grunt_ministairs_1,
          uniq_robin, uniq_natasha, uniq_grinder, uniq_crazy_yiuf_cottage,
          uniq_jessica, uniq_iyjb

Skill      XL: |  1  2  3  4 |
---------------+-------------+-----
Axes           | 3 |  3.2
Shields        | 4 |  4.1
Armour         | 4 |  4.0
Dodging        | 1 |  1.0
Fighting       | |  3.9

Action                   |  1- 3 |  4- 6 || total
-------------------------+-------+-------++-------
Melee: War axe           |   112 |    23 ||   135
  Eat: Bread ration      |     1 |       ||     1
Armor: Scale mail        |    41 |     7 ||    48
Dodge: Dodged            |    31 |     9 ||    40
Block: Shield            |    62 |    13 ||    75
